 Dungeon Crawl Stone Soup version 0.23.0 (webtiles) character file.

Game seed: 17719016676861602182

714 1994 the Skirmisher (level 7, -1/75 HPs)
             Began as an Ogre Berserker on Feb 13, 2019.
             Was a Priest of Trog.
             Slain by puimuR's ghost (2 damage)
             ... on level 5 of the Dungeon.
             The game lasted 00:25:11 (5834 turns).

1994 the Skirmisher (Ogre Berserker)                Turns: 5834, Time: 00:25:11

Health: -1/75      AC:  5    Str: 22    XL:     7   Next: 69%
Magic:  7/7        EV: 11    Int:  8    God:    Trog [***...]
Gold:   298        SH:  0    Dex: 10    Spells: 6/6 levels left

rFire    . . .     SeeInvis .   a - +0 mace
rCold    . . .     Gourm    .   (no shield)
rNeg     . . .     Faith    .   w - +2 animal skin
rPois    .         Spirit   .   (helmet restricted)
rElec    .         Reflect  .   (no cloak)
rCorr    .         Harm     .   (gloves unavailable)
MR       .....                  (boots unavailable)
Stlth    +.........             (no amulet)
HPRegen  0.22/turn              (no ring)
MPRegen  0.10/turn              (no ring)

@: lethally poisoned (-1 -> -1), berserk cooldown, slowed, very slow
A: large, unfitting armour, tough skin 1
a: Berserk, Trog's Hand, Renounce Religion


You were on level 5 of the Dungeon.
You worshipped Trog.
Trog was most pleased with you.
You were not hungry.

You visited 1 branch of the dungeon, and saw 5 of its levels.

You collected 298 gold pieces.

Inventory:

Hand Weapons
 a - a +0 mace (weapon)
 n - a +0 flail
 t - a +0 war axe
 u - a +0 blowgun
Missiles
 f - 34 poisoned needles
 i - 9 tomahawks (quivered)
 r - 13 javelins
Armour
 w - a +2 animal skin (worn)
Jewellery
 l - an uncursed ring of ice
Wands
 j - a wand of random effects (18)
Scrolls
 b - a scroll of holy word {unknown}
 e - a scroll of noise
 k - a scroll of enchant weapon {unknown}
 m - a scroll of remove curse
 q - 4 scrolls of teleportation
 s - a scroll of amnesia {unknown}
Potions
 d - a potion of curing
 g - a potion of lignification
 h - 2 potions of mutation
 o - a potion of cancellation
 p - a potion of degeneration {unknown}
 v - 2 potions of heal wounds {unknown}
Comestibles
 c - 8 rations


   Skills:
 + Level 6.1 Fighting
 * Level 5.2 Maces & Flails
 - Level 1.1 Throwing
 * Level 5.3 Dodging
 - Level 1.0 Stealth


You had 6 spell levels left.
You didn't know any spells.
Your spell library contained the following spells:

 Spells                   Type           Power        Failure   Level  Hunger
 Shock                    Conj/Air       #...         41%         1    ##.....
 Swiftness                Chrm/Air       #.......     54%         2    ###....
 Static Discharge         Conj/Air       #.......     78%         3    ####...
 Airstrike                Air            #.........   99%         4    #####..
 Lightning Bolt           Conj/Air       #.........   100%        5    ######.


Dungeon Overview and Level Annotations

Branches:
Dungeon (5/15)             Temple (0/1) D:5

Altars:
Gozag
Makhleb
Okawaru
Uskayaw
Xom

Annotations:
D:5 puimuR's ghost, amateur DEMo


Innate Abilities, Weirdness & Mutations

You are too large for most types of armour.
You have tough skin. (AC +1)


Message History

You feel sick. PuimuR's ghost hits you.
* * * LOW HITPOINT WARNING * * *
You completely miss puimuR's ghost.
PuimuR's ghost is heavily damaged.
PuimuR's ghost hits you.
* * * LOW HITPOINT WARNING * * *
PuimuR's ghost hits you but does no damage.
You hit puimuR's ghost.
PuimuR's ghost is severely damaged.
You feel sick. PuimuR's ghost closely misses you. x2
You hit puimuR's ghost.
PuimuR's ghost is severely damaged.
PuimuR's ghost hits you.
* * * LOW HITPOINT WARNING * * *
You closely miss puimuR's ghost.
PuimuR's ghost is severely damaged.
You feel sick. PuimuR's ghost hits you.
* * * LOW HITPOINT WARNING * * *
PuimuR's ghost hits you.
You die...

#.# #.# #.......# #.#
#.# #######.# #.# #.#
#.# #.# #.# #.# #.#
#.##########.# #.#
#............# #.#
############.# #.#
#...# #.# ####@#.##
#.# #...†W..# ###.#
###'''### ..#.#
##$..$.## #.#.######
#.$$_..∩# #........#
#8$.8$$8#
###.####.####.$.$.$.#
............##∩8∩8.##
####.###.##.########


You could see puimuR's ghost.

Vanquished Creatures
  An ogre (D:4)
  A bullfrog (D:5)
  A bullfrog zombie (D:5)
  A hound (D:5)
  2 orc priests
  A jelly (D:5)
  3 orc wizards
  Jessica (D:2)
  A bullfrog skeleton (D:4)
  A worker ant (D:5)
  A killer bee zombie (D:5)
  A hound skeleton (D:3)
  Robin (D:4)
  A howler monkey zombie (D:5)
  A gnoll (D:1)
  4 adders
  A shadow imp (D:5)
  4 oozes
  3 worms
  2 leopard geckos
  14 orcs
  2 ball pythons (D:2)
  8 giant cockroaches
  12 goblins
  5 hobgoblins
  2 jackals (D:1)
  4 quokkas
  10 bats
  10 frilled lizards
  6 kobolds
  13 rats
118 creatures vanquished.

Notes
Turn   | Place    | Note
-------+----------+-------------------------------------------
     0 | D:1      | 1994 the Ogre Berserker began the quest for the Orb.
     0 | D:1      | Reached XP level 1. HP: 24/24 MP: 1/1
   269 | D:1      | Reached XP level 2. HP: 26/32 MP: 2/2
  1159 | D:1      | Reached XP level 3. HP: 39/39 MP: 3/3
  1733 | D:2      | Reached ** piety under Trog
  1750 | D:2      | Noticed Jessica
  1769 | D:2      | Killed Jessica
  1769 | D:2      | Reached skill level 1 in Throwing
  1769 | D:2      | Reached XP level 4. HP: 49/49 MP: 4/4
  2136 | D:2      | Found a hide-covered altar of Uskayaw.
  2163 | D:2      | Reached skill level 1 in Stealth
  2681 | D:2      | Reached XP level 5. HP: 55/55 MP: 5/5
  3114 | D:3      | Found a shimmering altar of Xom.
  3385 | D:3      | Reached skill level 5 in Fighting
  3393 | D:3      | Reached *** piety under Trog
  3403 | D:3      | Reached XP level 6. HP: 37/66 MP: 6/6
  4057 | D:4      | Paralysed by fainting for 12 turns
  4100 | D:4      | Noticed Robin
  4110 | D:4      | Killed Robin
  4866 | D:5      | Entered Level 5 of the Dungeon
  4906 | D:5      | Reached XP level 7. HP: 57/72 MP: 7/7
  4943 | D:5      | Found an iron altar of Okawaru.
  5187 | D:5      | Found a burning altar of Makhleb.
  5351 | D:5      | Found a staircase to the Ecumenical Temple.
  5413 | D:5      | Reached skill level 5 in Dodging
  5418 | D:5      | Reached skill level 5 in Maces & Flails
  5591 | D:5      | Found a runed translucent gate.
  5594 | D:5      | Found a runed translucent gate.
  5594 | D:5      | Found an opulent altar of Gozag.
  5595 | D:5      | Found a runed translucent gate.
  5597 | D:5      | Noticed puimuR's ghost (amateur DEMo)
  5817 | D:5      | Reached skill level 6 in Fighting
  5834 | D:5      | HP: 1/75 [puimuR's ghost (4)]
  5834 | D:5      | Slain by puimuR's ghost

Skill      XL: |  1  2  3  4  5  6  7 |
---------------+----------------------+-----
Dodging        | 3 4 5 |  5.3
Maces & Flails | 3 4 5 |  5.2
Throwing       | 1 |  1.1
Stealth        | 1 |  1.0
Fighting       | 5 6 |  6.1

Action                   |  1- 3 |  4- 6 |  7- 9 || total
-------------------------+-------+-------+-------++-------
Melee: Mace              |   125 |   121 |    74 ||   320
       Flail             |       |   105 |     2 ||   107
       War axe           |       |    17 |     9 ||    26
Invok: Berserk           |     1 |     4 |     1 ||     6
       Trog's Hand       |       |       |     1 ||     1
  Use: Scroll            |     6 |     3 |       ||     9
 Stab: Sleeping          |       |     1 |     2 ||     3
  Eat: Chunk             |     4 |    11 |     2 ||    17
       Ration            |       |     1 |     1 ||     2
Armor: Animal skin       |    47 |    96 |    26 ||   169
Dodge: Dodged            |    93 |   163 |    48 ||   304
